 Dungeon Crawl Stone Soup version 0.22-a0-351-g29664b4 (webtiles) character file.

28257 vishdafish the Blocker (level 13, -3/142 HPs)
             Began as an Octopode Berserker on Apr 12, 2018.
             Was a High Priest of Trog.
             Slain by a wyvern (6 damage)
             ... on level 6 of the Lair of Beasts.
             The game lasted 00:26:42 (16662 turns).

vishdafish the Blocker (Octopode Berserker)        Turns: 16662, Time: 00:26:43

Health: -3/142     AC:  1    Str: 23    XL:     13   Next: 37%
Magic:  13/13      EV: 20    Int: 13    God:    Trog [*****.]
Gold:   790        SH: 13    Dex: 13    Spells: 12/12 levels left

rFire    . . .     SeeInvis +   x - +0 trident
rCold    . . .     Gourm    .   m - +0 shield
rNeg     + . .     Faith    +   (helmet restricted)
rPois    .         Spirit   .   k - amulet of faith
rElec    .         Reflect  .   c - ring of positive energy
rCorr    .         Harm     .   s - +2 ring of strength
MR       .....     Clarity  +   y - +1 ring of evasion Stlth ..........Rnd*Tele +
                                o - ring of stealth
HPRegen  0.33/turn              E - ring of stealth
MPRegen  0.13/turn              G - ring of see invisible
                                H - ring of flight
                                (no ring)

@: berserking, very quick
A: almost no armour, stealthy swim, amphibious, 8 rings, constrict 8, camouflage
1, clarity, teleportitis 1, gelatinous body 1, no potion heal 1
a: Berserk, Trog's Hand, Brothers in Arms, Renounce Religion, Evoke Flight


You were on level 6 of the Lair of Beasts.
You worshipped Trog.
Trog was extremely pleased with you.
You were not hungry.

You visited 2 branches of the dungeon, and saw 16 of its levels.

You collected 938 gold pieces.
You spent 148 gold pieces at shops.

Inventory:

Hand Weapons
 a - a +0 spear
 x - a +0 trident (weapon)
 O - a +4 spear of venom
 X - the +1 spear "Ynnejen" {flame, Stlth+}
   (You found it on level 6 of the Lair of Beasts)

   It has been specially enchanted to burn those struck by it, causing extra
   injury to most foes and up to half again as much damage against particularly
   susceptible opponents.
   It makes you more stealthy.
Missiles
 d - 2 javelins of penetration (quivered)
 f - 160 sling bullets
 h - 2 curare-tipped needles
Armour
 m - a +0 shield (worn)
Magical Staves
 M - an uncursed staff of poison
Jewellery
 c - a ring of positive energy (left tentacle)
 k - an amulet of faith (around mantle)
 o - a ring of stealth (on tentacle)
 r - an uncursed amulet of regeneration
 s - a +2 ring of strength (right tentacle)
 y - a +1 ring of evasion (on tentacle)
 E - a ring of stealth (on tentacle)
 G - a ring of see invisible (on tentacle)
 H - a ring of flight (on tentacle)
 K - an uncursed ring of fire
 R - a cursed amulet of inaccuracy {unknown}
 U - a +3 ring of strength
Wands
 z - a wand of polymorph (21)
 F - a wand of acid (10)
 I - a wand of paralysis (21)
 Q - a wand of random effects (26)
 V - a wand of iceblast (10)
Scrolls
 i - 3 scrolls of enchant armour
 j - 3 scrolls of teleportation
 p - 8 scrolls of remove curse
 q - 4 scrolls of enchant weapon
 t - a scroll of fear {unknown}
 B - 3 scrolls of immolation
 C - 6 scrolls of amnesia
 J - a scroll of magic mapping {unknown}
 N - a scroll of summoning {unknown}
Potions
 e - 5 potions of haste
 g - a potion of magic
 l - a potion of agility
 n - 2 potions of might
 u - a potion of cancellation
 v - 4 potions of degeneration
 w - 6 potions of curing
 A - 3 potions of heal wounds
 D - a potion of lignification
 L - a potion of ambrosia
 P - a potion of flight
 T - a potion of invisibility
 W - a potion of resistance {unknown}
Comestibles
 b - 24 rations


   Skills:
 + Level 11.2 Fighting
 + Level 11.2 Polearms
 + Level 11.2 Dodging
 + Level 12.2 Shields


You had 12 spell levels left.
You didn't know any spells.

Dungeon Overview and Level Annotations

Branches:
Dungeon (10/15)            Temple (0/1) D:4            Lair (6/6) D:9
  Swamp (0/4) Lair:2        Snake (0/4) Lair:3          Orc (0/2) D:10
  Slime: Lair:5-6

Altars:
Ashenzari
Cheibriados
Dithmenos
Gozag
Kikubaaqudgha
Makhleb
Ru
Sif Muna
Vehumet

Shops:
D:4 [[!?}


Innate Abilities, Weirdness & Mutations

You cannot wear most types of armour.
You are very stealthy in the water. (Stealth+)
You are amphibious.
You can wear up to eight rings at the same time.
You can use your tentacles to constrict eight enemies at once.
Your skin changes colour to match your surroundings (Stealth+).
Your rubbery body absorbs attacks. (AC +1, EV +1)
You possess an exceptional clarity of mind.
You are occasionally teleported next to monsters.
Potions are less effective at restoring your health.


Message History

The eight-headed hydra barely misses you.
You block the eight-headed hydra's attack.
The eight-headed hydra barely misses you. x2
The eight-headed hydra bites you!
The eight-headed hydra completely misses you.
The eight-headed hydra misses you.
You hit the eight-headed hydra.
The eight-headed hydra is almost dead.
You barely miss the eight-headed hydra. You squeeze the eight-headed hydra!
The eight-headed hydra is almost dead.
You block the eight-headed hydra's attack. x2
The eight-headed hydra closely misses you. x2
The eight-headed hydra bites you!
* * * LOW HITPOINT WARNING * * *
The eight-headed hydra bites you!
* * * LOW HITPOINT WARNING * * *
The eight-headed hydra misses you. The eight-headed hydra bites you!
* * * LOW HITPOINT WARNING * * *
The wyvern bites you.
You die...

### ## #####.##.#
##########........#t.
#####...#.#..............
#.##....#..#.........[......
#.........l#................
..........D@................
........####................
..#.......####..............
..........# #...!..........
..........## ##.............
...........## ..)......
............# #......
.........#.# .....
..........t


You could see an eight-headed hydra and a wyvern.

Vanquished Creatures
  A fire dragon (D:9)
  3 hydras
  Erica (D:8)
  2 two-headed ogres
  A death yak (D:9)
  Urug (Lair:3)
  The ghost of RoseArtemis the Carver, a novice MiFi of Okawaru (D:7)
  Nergalle (Lair:1)
  An unseen horror (D:10)
  A lindwurm (Lair:1)
  2 black mambas
  7 spiny frogs
  An eye of devastation (Lair:6)
  3 komodo dragons
  3 rime drakes
  A merfolk (D:10)
  A troll (D:9)
  15 dream sheep
  5 hippogriffs
  A spriggan (D:10)
  A wyvern (Lair:5)
  20 yaks
  A hungry ghost (D:10)
  A basilisk (Lair:5)
  3 swamp worms (Lair:2)
  3 nagas (Lair:3)
  9 water moccasins
  10 porcupines
  2 sky beasts
  2 orc warriors
  4 black bears
  An eye of draining (D:8)
  3 ogres
  3 wolves (Lair:3)
  3 centaurs
  3 crocodiles
  2 big kobolds
  16 bullfrogs
  A wyvern zombie (D:6)
  A scorpion (Lair:2)
  4 wights (D:10)
  6 killer bees (D:7)
  5 electric eels
  3 crimson imps
  2 jellies
  A quasit (D:9)
  5 hounds
  5 orc priests
  3 centaur skeletons
  An iguana (D:8)
  4 orc wizards
  6 hell rats
  2 worker ants
  A hound zombie (D:6)
  4 gnolls (D:8)
  7 adders
  18 river rats
  A shadow imp (D:6)
  An adder skeleton (D:4)
  2 worms
  3 dart slugs
  8 leopard geckos
  22 orcs
  A bat zombie (D:2)
  16 giant cockroaches
  4 goblins
  9 hobgoblins
  10 quokkas
  A ball python (D:2)
  4 bats
  6 frilled lizards
  A jackal skeleton (D:4)
  20 kobolds
  18 rats
345 creatures vanquished.

Vanquished Creatures (collateral kills)
  2 death yaks (D:9)
2 creatures vanquished.

Vanquished Creatures (others)
  A human (D:6)
  A ball python (D:2)
2 creatures vanquished.

Grand Total: 349 creatures vanquished

Notes
Turn   | Place    | Note
-------+----------+-------------------------------------------
     0 | D:1      | vishdafish the Octopode Berserker began the quest for the Orb.
     0 | D:1      | Reached XP level 1. HP: 16/16 MP: 1/1
   130 | D:1      | Reached XP level 2. HP: 21/21 MP: 2/2
   572 | D:1      | Reached XP level 3. HP: 26/26 MP: 3/3
   849 | D:2      | Reached ** piety under Trog
   886 | D:2      | Reached XP level 4. HP: 29/31 MP: 4/4
  1066 | D:2      | Found an ancient bone altar of Kikubaaqudgha.
  1194 | D:3      | Reached skill level 1 in Shields
  1839 | D:4      | Found Tathresa's Gadget Boutique.
  1850 | D:4      | Found Hiutusix's Magic Scroll Emporium.
  1858 | D:4      | Bought a scroll of identify for 24 gold pieces
  1858 | D:4      | Bought a scroll of teleportation for 36 gold pieces
  1885 | D:4      | Noticed an ogre
  1892 | D:4      | Killed an ogre
  1892 | D:4      | Reached skill level 2 in Shields
  1892 | D:4      | Reached XP level 5. HP: 32/37 MP: 5/5
  1933 | D:4      | Found Sevvaezabb's Distillery.
  1936 | D:4      | Found Okhlydeg's Antique Armour Boutique.
  1989 | D:4      | Found Hala's Antique Armour Shoppe.
  2127 | D:4      | Found an opulent altar of Gozag.
  2195 | D:4      | Found a staircase to the Ecumenical Temple.
  2213 | D:4      | Bought a potion of curing for 33 gold pieces
  2213 | D:4      | Bought a potion of heal wounds for 55 gold pieces
  2426 | D:5      | Entered Level 5 of the Dungeon
  2464 | D:5      | Reached XP level 6. HP: 43/43 MP: 6/6
  2492 | D:5      | Reached *** piety under Trog
  2528 | D:5      | Reached skill level 3 in Shields
  2786 | D:5      | Found a shadowy altar of Dithmenos.
  3201 | D:6      | Found a burning altar of Makhleb.
  3206 | D:6      | Noticed a green death
  3209 | D:6      | Noticed a hellwing
  3209 | D:6      | Noticed an orange demon
  3256 | D:6      | Reached XP level 7. HP: 47/49 MP: 7/7
  3271 | D:6      | Found an ancient bone altar of Kikubaaqudgha.
  3271 | D:6      | Noticed a human
  3274 | D:6      | Killed a human
  3375 | D:6      | Reached skill level 4 in Shields
  3422 | D:6      | HP: 3/73 [acid (3)]
  3584 | D:6      | Reached skill level 5 in Polearms
  3584 | D:6      | Reached skill level 5 in Dodging
  3765 | D:6      | Reached skill level 5 in Fighting
  3765 | D:6      | Reached skill level 5 in Shields
  3765 | D:6      | Reached XP level 8. HP: 16/55 MP: 8/8
  3771 | D:6      | HP: 2/55 [orc/flail (7)]
  4206 | D:7      | Gained mutation: Your body sometimes deteriorates upon taking damage. [potion of mutation]
  4206 | D:7      | Gained mutation: You are occasionally teleported next to monsters. [potion of mutation]
  4206 | D:7      | Gained mutation: You evolve. [potion of mutation]
  4214 | D:7      | Gained mutation: You possess an exceptional clarity of mind. [evolution]
  4241 | D:7      | Reached skill level 6 in Shields
  4370 | D:7      | Noticed RoseArtemis's ghost (novice MiFi)
  4381 | D:7      | Killed RoseArtemis's ghost
  4381 | D:7      | Reached skill level 7 in Shields
  4381 | D:7      | Reached XP level 9. HP: 62/62 MP: 9/9
  4862 | D:7      | Found a deep blue altar of Sif Muna.
  4979 | D:8      | Reached **** piety under Trog
  5256 | D:8      | Found a snail-covered altar of Cheibriados.
  5256 | D:8      | Noticed Erica
  5466 | D:8      | Gained mutation: Potions are less effective at restoring your health. [evolution]
  5520 | D:8      | Reached skill level 8 in Shields
  5623 | D:8      | Noticed a two-headed ogre
  5631 | D:8      | Killed a two-headed ogre
  5631 | D:8      | Reached XP level 10. HP: 71/71 MP: 10/10
  5902 | D:8      | Killed Erica
  5902 | D:8      | Reached skill level 9 in Shields
  6166 | D:9      | Noticed a two-headed ogre
  6175 | D:9      | Killed a two-headed ogre
  6196 | D:9      | Found a staircase to the Lair.
  6196 | D:9      | Noticed a death yak
  6196 | D:9      | Noticed a death yak
  6197 | D:9      | Noticed a death yak
  6404 | D:9      | Found a shattered altar of Ashenzari.
  6416 | D:9      | Found a radiant altar of Vehumet.
  6418 | D:9      | Found a sacrificial altar of Ru.
  6597 | D:9      | Killed a death yak
  6597 | D:9      | Reached XP level 11. HP: 65/77 MP: 11/11
  6613 | D:9      | Killed a death yak
  6624 | D:9      | Killed a death yak
  6668 | D:9      | Lost mutation: Your body sometimes deteriorates upon taking damage. [evolution]
  6668 | D:9      | Lost mutation: You evolve. [end of evolution]
  7265 | D:9      | Noticed a fire dragon
  7291 | D:9      | Killed a fire dragon
  7291 | D:9      | Reached skill level 10 in Shields
  7605 | D:10     | Entered Level 10 of the Dungeon
  7898 | D:10     | Killed an unseen horror
  8427 | D:10     | Found a staircase to the Orcish Mines.
  8980 | Lair:1   | Entered Level 1 of the Lair of Beasts
  9029 | Lair:1   | Noticed Nergalle
  9038 | Lair:1   | Killed Nergalle
  9116 | Lair:1   | Noticed a lindwurm
  9129 | Lair:1   | Killed a lindwurm
  9693 | Lair:1   | Found a burning altar of Makhleb.
 10081 | Lair:2   | Reached ***** piety under Trog
 10353 | Lair:2   | Reached XP level 12. HP: 86/86 MP: 12/12
 11839 | Lair:2   | Reached skill level 11 in Shields
 12151 | Lair:2   | Found a staircase to the Swamp.
 12618 | Lair:3   | Reached skill level 10 in Polearms
 12706 | Lair:3   | Found a staircase to the Snake Pit.
 12782 | Lair:3   | Reached skill level 10 in Dodging
 12793 | Lair:3   | Noticed Urug
 12807 | Lair:3   | Killed Urug
 12807 | Lair:3   | Received a gift from Trog
 12807 | Lair:3   | Reached skill level 10 in Fighting
 14012 | Lair:4   | Noticed a six-headed hydra
 14020 | Lair:4   | Killed a six-headed hydra
 14047 | Lair:4   | Noticed a four-headed hydra
 14093 | Lair:4   | Killed a four-headed hydra
 14909 | Lair:5   | Reached XP level 13. HP: 93/93 MP: 13/13
 15726 | Lair:5   | Received a gift from Trog
 15729 | Lair:5   | Reached skill level 12 in Shields
 16485 | Lair:6   | Entered Level 6 of the Lair of Beasts
 16490 | Lair:6   | Got a bloodstained spear
 16491 | Lair:6   | Identified the +1 spear "Ynnejen" {flame, Stlth+} (You found it on level 6 of the Lair of Beasts)
 16662 | Lair:6   | HP: 3/142 [eight-headed hydra (14)]
 16662 | Lair:6   | Slain by a wyvern

Vault maps used:
D:1:      minmay_arrival_four_circles
D:2:      lemuel_zombie_altar_kikubaaqudgha
D:3:      minmay_roachtagon
D:4:      nicolae_gozag_cash_rules_everything_around_me,
          minmay_temple_entry_glassed_door, serial_shops,
          nicolae_shop_competitors_out_of_business, shop,
          nicolae_shop_temple_entry_statues_fountains, shop_statue, shop,
          first_ration, wad_orctagon
D:5:      grunt_dithmenos_smoke
D:6:      makhleb_altar_promises_db, serial_glass, glass_columns_c,
          glass_columns_a, minmay_misc_feat_square, tgw_kikubaaqudgha
D:7:      basic_altar
D:8:      cheibriados_altar_1, uniq_erica
D:9:      dragon1_lemuel, grunt_temple_overflow_open, dpeg_lair_monsters
D:10:     orc_0_dummy, hangedman_stone_soup
Lair:1:   basic_altar, grunt_megastairs_5, uniq_nergalle
Lair:2:   lemuel_ratsnest, nicolae_swamp_entry_splash_gauntlet,
          serial_bayou_shore_b
Lair:3:   minmay_snake_entry_guardpost_small, nicolae_quartered_pool_little,
          wad_woods_river_03, serial_bayou_pond_c, st_stairs_3,
          beast_lair_carwin_2, grunt_megastairs_1, uniq_urug
Lair:5:   infiniplex_staircase_pool, serial_bayou_shore_a
Lair:6:   gammafunk_lair_ancient_temple, minmay_slime_entry_eyes,
          portal_ice_cave_rime

Skill      XL: |  1  2  3  4  5  6  7  8  9 10 11 12 13 |
---------------+----------------------------------------+-----
Shields        | 2 3 5 7 8 9 10 11 12 | 12.2
Polearms       | 4 5 6 7 8 9 10 11 | 11.2
Dodging        | 4 5 6 7 8 9 10 11 | 11.2
Fighting       | 4 5 6 7 8 9 10 11 | 11.2

Action                   |  1- 3 |  4- 6 |  7- 9 | 10-12 | 13-15 || total
-------------------------+-------+-------+-------+-------+-------++-------
Melee: Spear             |    81 |    76 |       |    95 |    26 ||   278
       Tentacles         |    10 |    21 |    37 |   133 |    23 ||   224
       Constrict         |    20 |    35 |    27 |    79 |    14 ||   175
       Trident           |       |    73 |   198 |   493 |   103 ||   867
Throw: Javelin           |       |       |     7 |     5 |       ||    12
Invok: Berserk           |     1 |     2 |     9 |    32 |     5 ||    49
       Brothers in Arms  |       |       |       |     2 |       ||     2
  Use: Scroll            |       |     4 |     7 |    10 |     4 ||    25
       Potion            |       |       |     3 |     3 |     3 ||     9
 Stab: Sleeping          |     1 |    12 |     5 |    20 |     4 ||    42
       Distracted        |     1 |     1 |       |     2 |       ||     4
  Eat: Chunk             |       |    10 |     8 |    19 |     5 ||    42
       Ration            |       |       |     2 |    12 |     2 ||    16
Armor: Skin              |     7 |     9 |    29 |     6 |     2 ||    53
Dodge: Dodged            |    43 |    80 |    74 |   215 |    67 ||   479
Block: Shield            |       |    16 |    82 |   186 |    51 ||   335

Table legend:
 A = Spawn XP
 B = Non-spawn XP
 C = Spawn XP percentage of total XP
 D = Spawn monster count
 E = Non-spawn monster count
 F = Spawn count percentage of total count
 G = Total turns spent on level
                    A         B        C        D         E        F      G
               +---------+---------+-------+---------+---------+-------+---------
         Total |       0 |   40368 |   0.0 |       0 |     347 |   0.0 | 16662
               +---------+---------+-------+---------+---------+-------+---------
           D:1 |       0 |      38 |   0.0 |       0 |      15 |   0.0 |   683
           D:2 |       0 |      53 |   0.0 |       0 |      21 |   0.0 |   451
           D:3 |       0 |      41 |   0.0 |       0 |      22 |   0.0 |   677
           D:4 |       0 |     184 |   0.0 |       0 |      15 |   0.0 |   615
           D:5 |       0 |     187 |   0.0 |       0 |       8 |   0.0 |   714
           D:6 |       0 |     870 |   0.0 |       0 |      20 |   0.0 |   916
           D:7 |       0 |    1946 |   0.0 |       0 |      19 |   0.0 |   870
           D:8 |       0 |    2696 |   0.0 |       0 |      26 |   0.0 |  1111
           D:9 |       0 |    5851 |   0.0 |       0 |      35 |   0.0 |  1594
          D:10 |       0 |    2274 |   0.0 |       0 |      22 |   0.0 |  1349
        Lair:1 |       0 |    2992 |   0.0 |       0 |      12 |   0.0 |  1033
        Lair:2 |       0 |    4022 |   0.0 |       0 |      56 |   0.0 |  2334
        Lair:3 |       0 |    4209 |   0.0 |       0 |      21 |   0.0 |  1436
        Lair:4 |       0 |    5342 |   0.0 |       0 |      19 |   0.0 |  1048
        Lair:5 |       0 |    6752 |   0.0 |       0 |      26 |   0.0 |  1654
        Lair:6 |       0 |    2911 |   0.0 |       0 |      10 |   0.0 |   177
               +---------+---------+-------+---------+---------+-------+---------
